 Dungeon Crawl Stone Soup version 0.20.1-1-g8b1a95d (webtiles) character file.

600 Heedrag the Cleaver (level 7, -4/60 HPs)
             Began as a Minotaur Fighter on July 21, 2017.
             Was a Follower of Okawaru.
             Slain by Menkaure (18 damage)
             ... on level 4 of the Dungeon.
             The game lasted 00:05:04 (2630 turns).

Heedrag the Cleaver (Minotaur Fighter)              Turns: 2630, Time: 00:05:05

Health: -4/60      AC:  8    Str: 22    XL:     7   Next: 18%
Magic:  6/6        EV:  5    Int:  5    God:    Okawaru [*.....]
Gold:   98         SH:  9    Dex: 10    Spells: 6/6 levels left

rFire    . . .     SeeInvis .   a - +0 war axe
rCold    . . .     Gourm    .   c - +0 shield
rNeg     . . .     Faith    .   p - -1 chain mail (curse)
rPois    .         Spirit   .   (helmet restricted)
rElec    .         Reflect  .   (no cloak)
rCorr    .         Harm     .   (no gloves)
MR       .....                  (no boots)
Stlth    ..........             (no amulet)
Regen    0.2/turn               (no ring)
MPRegen  0.1/turn               (no ring)

@: no status effects
A: retaliatory headbutt, horns 2
a: Heroism, Renounce Religion


You were on level 4 of the Dungeon.
You worshipped Okawaru.
Okawaru was aware of your devotion.
You were not hungry.

You visited 1 branch of the dungeon, and saw 4 of its levels.

You collected 98 gold pieces.

Inventory:

Hand Weapons
 a - a +0 war axe (weapon)
Armour
 b - a +0 scale mail
 c - a +0 shield (worn)
 p - a cursed -1 chain mail (worn)
Jewellery
 q - an uncursed ring of magical power {unknown}
Wands
 t - a wand of iceblast (5/15)
Scrolls
 e - 2 scrolls of teleportation {unknown}
 g - a scroll of fog {unknown}
 i - 3 scrolls of identify {unknown}
 k - 5 scrolls of remove curse {unknown}
 l - 2 scrolls of immolation {unknown}
 m - a scroll of enchant armour {unknown}
 o - a scroll of magic mapping {unknown}
 r - 2 scrolls of fear {unknown}
 w - a scroll of recharging {unknown}
Potions
 d - a potion of might
 j - a potion of heal wounds {unknown}
 u - a potion of curing {unknown}
 v - a potion of flight {unknown}
 x - a potion of haste {unknown}
Comestibles
 f - 2 bread rations
 h - 11 chunks of flesh
 n - 2 meat rations
 s - 3 fruits


   Skills:
 + Level 4.7 Fighting
 * Level 9.1 Axes
 - Level 3.6 Armour
 - Level 3.6 Shields


You had 6 spell levels left.
You didn't know any spells.

Dungeon Overview and Level Annotations

Branches:
Dungeon (4/15)
 Temple: D:4-7

Altars:
Elyvilon
Fedhas
Nemelex Xobeh
Okawaru

Annotations:
D:4 Menkaure


Innate Abilities, Weirdness & Mutations

You reflexively headbutt those who attack you in melee.
You have a pair of horns on your head.


Message History

Menkaure hits you!
You are too injured to fight recklessly!
You are too injured to fight recklessly!
You are too injured to fight recklessly!
You are too injured to fight recklessly!
You are too injured to fight recklessly!
You are too injured to fight recklessly!
Unknown command.
You barely miss Menkaure. You hit the leopard gecko skeleton.
The leopard gecko skeleton barely misses you.
Menkaure calls on the powers of darkness!
Your body is wracked with pain!
* * * LOW HITPOINT WARNING * * *
You barely miss Menkaure. You headbutt Menkaure!
Menkaure is heavily damaged.
You hit the leopard gecko skeleton.
You destroy the leopard gecko skeleton!
Okawaru accepts your kill. Menkaure hits you!!
You die...

### ..## ####...####
#.$........
#?....>.... #####
#..M....$.. ##...##
##..@.......
##.....###..[...#####
.###....<..#...#####
...........#..##
.##...).......#
...(..........#
##......)....##
<..#.......#####
..............)###


You could see Menkaure.

Vanquished Creatures
  Sigmund (D:3)
  An ogre (D:4)
  A howler monkey (D:4)
  4 orc priests (D:3)
  2 orc wizards
  A bullfrog skeleton (D:4)
  4 adders
  4 worms
  3 dart slugs
  A leopard gecko (D:2)
  13 orcs
  2 bats
  5 giant cockroaches
  8 goblins
  8 hobgoblins
  3 jackals (D:1)
  5 frilled lizards
  A jackal zombie (D:3)
  6 kobolds
  A leopard gecko skeleton (D:4)
  A quokka skeleton (D:4)
  7 rats
  2 fungi (D:2)
84 creatures vanquished.

Notes
Turn   | Place    | Note
-------+----------+-------------------------------------------
     0 | D:1      | Heedrag the Minotaur Fighter began the quest for the Orb.
     0 | D:1      | Reached XP level 1. HP: 19/19 MP: 0/0
   188 | D:1      | Reached skill level 3 in Axes
   221 | D:1      | Reached XP level 2. HP: 24/26 MP: 1/1
   586 | D:1      | Reached skill level 4 in Axes
   731 | D:2      | Reached XP level 3. HP: 31/31 MP: 2/2
  1099 | D:2      | Found a white marble altar of Elyvilon.
  1117 | D:2      | Reached skill level 5 in Axes
  1270 | D:2      | Found a blossoming altar of Fedhas.
  1303 | D:2      | Found an iron altar of Okawaru.
  1312 | D:2      | Became a worshipper of Warmaster Okawaru
  1511 | D:3      | Reached XP level 4. HP: 36/39 MP: 3/3
  1634 | D:3      | Found a sparkling altar of Nemelex Xobeh.
  1638 | D:3      | Noticed Sigmund
  1653 | D:3      | Killed Sigmund
  1653 | D:3      | Reached * piety under Okawaru
  1653 | D:3      | Reached skill level 7 in Axes
  1653 | D:3      | Reached XP level 5. HP: 22/45 MP: 4/4
  1803 | D:3      | Reached XP level 6. HP: 10/51 MP: 5/5
  1806 | D:3      | Reached skill level 8 in Axes
  2540 | D:4      | Reached XP level 7. HP: 56/60 MP: 6/6
  2555 | D:4      | Reached skill level 9 in Axes
  2623 | D:4      | Noticed Menkaure
  2630 | D:4      | Slain by Menkaure

Skill      XL: |  1  2  3  4  5  6  7 |
---------------+----------------------+-----
Axes           | 3 4 5 7 8 9 |  9.1
Fighting       | 4 |  4.7
Armour         | |  3.6
Shields        | |  3.6

Action                   |  1- 3 |  4- 6 |  7- 9 || total
-------------------------+-------+-------+-------++-------
Melee: War axe           |   118 |    81 |    24 ||   223
       Headbutt          |    24 |    13 |     5 ||    42
  Eat: Chunk             |     2 |     3 |     1 ||     6
Armor: Scale mail        |    36 |       |       ||    36
       Chain mail        |    14 |    31 |     9 ||    54
Dodge: Dodged            |    24 |    14 |     2 ||    40
Block: Shield            |    46 |    31 |     9 ||    86
